 Dungeon Crawl Stone Soup version 0.21-a0-94-gdd6ab6a (webtiles) character file.

39221 grindst0ne the Spry (level 14, -1/121 HPs)
             Began as a Merfolk Assassin on July 3, 2017.
             Was the Champion of Ru.
             Succumbed to a sea snake's poison
             ... on level 6 of the Lair of Beasts.
             The game lasted 01:30:08 (26685 turns).

grindst0ne the Spry (Merfolk Assassin)             Turns: 26685, Time: 01:30:09

Health: -1/121     AC:  9    Str: 10    XL:     14   Next: 5%
Magic:  2/17       EV: 28    Int: 10    God:    Ru [******]
Gold:   925        SH:  0    Dex: 23    Spells: 13/13 levels left

rFire    + + .     SeeInvis +   E - +8 long sword of Accidental Termination {flame, rF+ Dex+2}
rCold    . . .     Gourm    .   (no shield)
rNeg     + . .     Faith    .   w - +3 leather armour
rPois    +         Spirit   +   W - +1 hat {SInv}
rElec    .         Reflect  .   G - +2 ratskin cloak {+Rats rPois rN+ Str-1 Int-1 Dex+1}
rCorr    .         Harm     .   O - +2 pair of gloves
MR       ++...                  y - +0 pair of boots
Stlth    +++++++...             d - amulet of guardian spirit
HPRegen  0.30/turn              N - ring of protection from fire
MPRegen  0.15/turn              p - ring of stealth

@: lethally poisoned (-1 -> -37), no potions, horrified
A: change form in water, swift swim, stealthy swim, repulsion field 1, blurry
vision 1, low mp 1, magic resistance 1, sense surroundings 1, robust 1,
inability to drink while threatened, cowardly, reduced AC 1, inexperienced 1
a: Draw Out Power, Power Leap, Apocalypse, Renounce Religion, Evoke Ratskin


You were on level 6 of the Lair of Beasts.
You worshipped Ru.
Ru was exalted by your worship.
You were not hungry.

You visited 3 branches of the dungeon, and saw 17 of its levels.

You collected 991 gold pieces.
You spent 66 gold pieces at shops.

Inventory:

Hand Weapons
 a - a +1 short sword of flaming
 b - a +1 blowgun
 E - the +8 long sword of Accidental Termination (weapon) {flame, rF+ Dex+2}
   (You found it on level 3 of the Lair of Beasts)

   It has been specially enchanted to burn those struck by it, causing extra
   injury to most foes and up to half again as much damage against particularly
   susceptible opponents.
   Big, fiery blades are also staple armaments of hydra-hunters.
   It affects your dexterity (+2).
   It protects you from fire.
Missiles
 e - 35 poisoned needles
 i - 2 curare-tipped needles
 S - a throwing net (quivered)
Armour
 c - a +1 leather armour of fire resistance
 v - the scarf "Ynouvuos" {Str+4 Dex+3}
   (You acquired it on level 5 of the Lair of Beasts)

   It affects your strength (+4).
   It affects your dexterity (+3).
 w - a +3 leather armour (worn)
 x - a +1 cloak of magic resistance
 y - a +0 pair of boots (worn)
 G - the +2 ratskin cloak (worn) {+Rats rPois rN+ Str-1 Int-1 Dex+1}
   (You acquired it on level 5 of the Lair of Beasts)

   It affects your strength (-1).
   It affects your intelligence (-1).
   It affects your dexterity (+1).
   It protects you from poison.
   It protects you from negative energy.
 O - a +2 pair of gloves (worn)
 W - a +1 hat of see invisible (worn)
Jewellery
 d - an amulet of guardian spirit (around neck)
 p - a ring of stealth (right hand)
 s - an uncursed ring of flight
 J - an uncursed ring of poison resistance
 N - a ring of protection from fire (left hand)
Wands
 l - a wand of polymorph (15/24)
 o - a wand of iceblast (5/15)
 P - a wand of acid (0/15)
 U - a wand of disintegration (7/24)
 Y - a wand of paralysis (17/24)
Scrolls
 h - 2 scrolls of remove curse
 j - a scroll of recharging
 k - 3 scrolls of teleportation
 m - 2 scrolls of enchant armour
 q - a scroll of fear
 u - a scroll of summoning
 C - 2 scrolls of magic mapping
 F - a scroll of brand weapon
 H - 2 scrolls of fog
Potions
 n - a potion of agility
 r - 3 potions of brilliance
 z - 4 potions of flight
 A - 4 potions of curing
 K - a potion of ambrosia
 L - a potion of lignification {unknown}
 M - a potion of haste
 R - a potion of magic
 X - 2 potions of might
Books
 t - a book of Geomancy

   Spells                             Type                      Level
   a - Sandblast                      Earth                        1
   b - Passwall                       Transmutation/Earth          2
   c - Stone Arrow                    Conjuration/Earth            3
   d - Petrify                        Transmutation/Earth          4
   e - Lee's Rapid Deconstruction     Earth                        5
 D - a book of Minor Magic

   Spells                             Type                      Level
   a - Magic Dart                     Conjuration                  1
   b - Blink                          Translocation                2
   c - Call Imp                       Summoning                    2
   d - Slow                           Hexes                        2
   e - Conjure Flame                  Conjuration/Fire             3
   f - Mephitic Cloud                 Conjuration/Poison/Air       3
 T - a book of Clouds

   Spells                             Type                      Level
   a - Poisonous Vapours              Poison/Air                   2
   b - Mephitic Cloud                 Conjuration/Poison/Air       3
   c - Conjure Flame                  Conjuration/Fire             3
   d - Freezing Cloud                 Conjuration/Ice/Air          6
   e - Ring of Flames                 Charms/Fire                  7
 Z - a book of Fire

   Spells                             Type                      Level
   a - Ignite Poison                  Fire/Transmutation/Poison    3
   b - Fireball                       Conjuration/Fire             5
   c - Bolt of Fire                   Conjuration/Fire             6
   d - Ring of Flames                 Charms/Fire                  7
   e - Ignition                       Fire                         8
Comestibles
 f - 2 meat rations
 g - 12 bread rations
 B - 16 fruits
 Q - 4 royal jellies


   Skills:
 - Level 10.0 Fighting
 - Level 12.0 Short Blades
 - Level 7.4 Throwing
 + Level 15.8 Dodging
 + Level 14.3 Stealth
 - Level 7.2 Evocations


You had 13 spell levels left.
You didn't know any spells.

Dungeon Overview and Level Annotations

Branches:
Dungeon (10/15)            Temple (1/1) D:4            Lair (6/6) D:9
 Shoals (0/4) Lair:2        Snake (0/4) Lair:3          Orc (0/2) D:9
  Slime: Lair:5-6

Altars:
Ashenzari
Cheibriados
Dithmenos
Elyvilon
Fedhas
Gozag
Hepliaklqana
Kikubaaqudgha
Makhleb
Nemelex Xobeh
Okawaru
Qazlal
Ru
Sif Muna
Trog
Uskayaw
Vehumet
Wu Jian
Xom
Yredelemnul
Zin
The Shining One

Shops:
D:5 *=

Annotations:
D:7 exclusion: 2 downstairs
D:8 4thArraOfDagon's ghost, novice TrWn
Lair:3 exclusion: 3 oklob plants


Innate Abilities, Weirdness & Mutations

You revert to your normal form in water.
You are very nimble and swift while swimming.
You are very stealthy in the water. (Stealth+)
Your magical capacity is low. (-10% MP)
You cannot drink potions while threatened.
Your cowardice makes you less effective in combat with threatening monsters.
You take slightly more damage. (AC -5)
You are somewhat inexperienced. (-2 XL)
You are surrounded by a mild repulsion field. (EV +2)
Scrolls take you a little longer to read.
You are resistant to hostile enchantments. (MR+)
You passively map a small area around you.
You are robust. (+10% HP)


Message History

You slash the sea snake! You burn the sea snake.
The sea snake is moderately wounded.
The sea snake bites you!!
* * * LOW HITPOINT WARNING * * *
You are lethally poisoned!
The sea snake poisons you!
The sea snake bites you but does no damage.
* * * LOW HITPOINT WARNING * * *
You feel very sick.
You redirect the wind drake's attack!
* * * LOW HITPOINT WARNING * * *
You feel very sick.
The wind drake is no longer blind.
* * * LOW HITPOINT WARNING * * *
You feel very sick.
Really read with blurry vision while enemies are nearby?
* * * LOW HITPOINT WARNING * * *
You feel sick. The sea snake bites you.
You begin reading the scroll.
You continue reading the scroll.
You die...

###........S......##.P.#
##.....
.#....#.....##...##P...##
#...P..
.##.###..###.######....P#
##..P.. ....# #..##*##
#..P..# #..... .##.# #.kP#
#....## #..##. ###.#
#.##### ##...### #..#.. ###
#.###k#######......###.....
#...##..##.#..<(..PP#P.....
#.#.....YS@.........P......
#.....PP.#.##.#..#.......#.
####.########.#####.#......
### ### ###.#.... ##..##P
######


You could see an elephant, a sea snake and a wind drake (wandering).

Vanquished Creatures
  Gastronok (Lair:1)
  Harold (D:10)
  Fannar (D:9)
  3 hydras
  2 two-headed ogres
  An unseen horror (D:9)
  3 sea snakes (Lair:6)
  An obsidian statue (D:10)
  An orange crystal statue (D:10)
  A cyclops (D:9)
  A manticore (Lair:5)
  Maurice (D:10)
  Joseph (D:10)
  4 black mambas
  9 spiny frogs
  7 rime drakes
  6 komodo dragons
  A kobold demonologist (D:10)
  2 trolls (D:6)
  2 merfolk (Lair:2)
  3 polar bears
  A hornet (Lair:6)
  16 hippogriffs
  10 blink frogs
  11 dream sheep
  Sigmund (D:3)
  A spriggan (D:8)
  10 yaks
  10 wyverns
  6 basilisks (Lair:5)
  A hungry ghost (D:10)
  Menkaure (D:7)
  3 nagas (Lair:3)
  Edmund (D:7)
  11 water moccasins
  5 orc warriors
  4 phantoms
  8 porcupines
  4 ice beasts
  3 sky beasts
  An eye of draining (D:10)
  6 wolves
  2 centaurs
  11 ogres
  7 crocodiles
  3 big kobolds
  13 bullfrogs
  Blork the orc (D:6)
  A gnoll sergeant (D:7)
  2 scorpions
  4 killer bees (D:9)
  4 wights (D:9)
  A howler monkey (D:9)
  3 electric eels
  3 crimson imps
  A bullfrog zombie (D:7)
  A quasit (D:7)
  3 jellies
  Crazy Yiuf (D:3)
  5 orc priests
  9 orc wizards
  A hound (D:7)
  3 centaur skeletons
  A bullfrog skeleton (D:5)
  Terence (D:3)
  12 worker ants
  Natasha (thrice) (D:3)
  6 iguanas
  2 hound zombies
  2 hound skeletons
  A howler monkey skeleton (D:3)
  7 gnolls
  20 adders
  2 shadow imps
  3 adder skeletons
  6 worms
  4 dart slugs (D:1)
  5 leopard geckos
  47 orcs
  A ball python (D:1)
  7 bats
  5 giant cockroaches
  10 goblins
  12 hobgoblins
  11 jackals
  56 kobolds
  4 quokkas
  4 frilled lizards
  A jackal skeleton (D:6)
  A leopard gecko skeleton (D:3)
  3 leopard gecko zombies
  6 rats
488 creatures vanquished.

Vanquished Creatures (others)
  An elephant (Lair:5)
  A hippogriff (Lair:5)
  A yak (D:9)
  A gnoll (D:7)
  11 fungi (Lair:6)
  21 plants (Lair:6)
36 creatures vanquished.

Grand Total: 524 creatures vanquished

Notes
Turn   | Place    | Note
-------+----------+-------------------------------------------
     0 | D:1      | grindst0ne the Merfolk Assassin began the quest for the Orb.
     0 | D:1      | Reached XP level 1. HP: 16/16 MP: 1/1
   481 | D:1      | Reached XP level 2. HP: 21/22 MP: 2/2
   586 | D:1      | Reached skill level 5 in Stealth
   873 | D:1      | Reached XP level 3. HP: 27/27 MP: 3/3
  1634 | D:2      | Reached XP level 4. HP: 31/33 MP: 4/4
  2384 | D:3      | Reached XP level 5. HP: 38/38 MP: 5/5
  2417 | D:3      | Reached skill level 5 in Short Blades
  2914 | D:3      | Noticed Sigmund
  2946 | D:3      | Killed Sigmund
  2946 | D:3      | Reached XP level 6. HP: 39/44 MP: 6/6
  3074 | D:3      | Found a runed door.
  3079 | D:3      | Noticed Crazy Yiuf
  3097 | D:3      | Killed Crazy Yiuf
  3203 | D:3      | Noticed Natasha
  3227 | D:3      | Killed Natasha
  3227 | D:3      | Reached XP level 7. HP: 50/50 MP: 7/7
  3337 | D:3      | Noticed Terence
  3367 | D:3      | Killed Terence
  3797 | D:3      | Noticed Natasha
  3808 | D:3      | Killed Natasha
  3823 | D:3      | Noticed Natasha
  3841 | D:3      | Killed Natasha
  4518 | D:4      | Found a staircase to the Ecumenical Temple.
  4527 | Temple   | Entered the Ecumenical Temple
  4629 | Temple   | Became a worshipper of Ru the Awakened
  5150 | D:5      | Entered Level 5 of the Dungeon
  5188 | D:5      | Reached XP level 8. HP: 39/56 MP: 8/8
  6537 | D:5      | Found an opulent altar of Gozag.
  6541 | D:5      | Gained mutation: You are somewhat inexperienced. (-2 XL) [Ru sacrifice]
  6541 | D:5      | Reached XP level 7. HP: 50/50 MP: 7/7
  6541 | D:5      | Reached XP level 6. HP: 44/44 MP: 6/6
  6541 | D:5      | Reached * piety under Ru
  6541 | D:5      | Reached ** piety under Ru
  6584 | D:5      | Found Etuel's General Store.
  6592 | D:5      | Bought a potion of agility for 44 gold pieces
  6592 | D:5      | Bought a scroll of identify for 22 gold pieces
  6766 | D:5      | Reached skill level 2 in Dodging
  6766 | D:5      | Reached XP level 7. HP: 36/51 MP: 7/7
  6895 | D:5      | Reached skill level 3 in Dodging
  6895 | D:5      | Reached skill level 10 in Stealth
  7093 | D:5      | Found Utamm's Jewellery Emporium.
  7655 | D:6      | Noticed a troll
  7663 | D:6      | Killed a troll
  7663 | D:6      | Reached skill level 4 in Dodging
  7663 | D:6      | Reached XP level 8. HP: 60/60 MP: 8/8
  7736 | D:6      | Gained mutation: Scrolls take you a little longer to read. [mutagenic meat]
  7737 | D:6      | Gained mutation: You are surrounded by a mild repulsion field. (EV +2) [mutagenic meat]
  7801 | D:6      | Noticed Edmund
  7823 | D:6      | Reached skill level 5 in Dodging
  7852 | D:6      | Found a deep blue altar of Sif Muna.
  7898 | D:6      | Noticed a troll
  8293 | D:6      | Reached skill level 5 in Fighting
  8691 | D:6      | Noticed Blork the orc
  8697 | D:6      | Killed Blork the orc
  8697 | D:6      | Reached skill level 6 in Dodging
  8697 | D:6      | Reached XP level 9. HP: 68/68 MP: 9/9
  8735 | D:6      | Found a deep blue altar of Sif Muna.
  8736 | D:6      | Found an iron altar of Okawaru.
  8738 | D:6      | Found a hide-covered altar of Uskayaw.
  8780 | D:6      | Found an iron altar of Okawaru.
  8900 | D:6      | Killed a troll
  9085 | D:6      | Found a shimmering altar of Xom.
  9085 | D:6      | Found a shattered altar of Ashenzari.
  9085 | D:6      | Found a hazy altar of Hepliaklqana.
  9085 | D:6      | Found a burning altar of Makhleb.
  9086 | D:6      | Found a sparkling altar of Nemelex Xobeh.
  9087 | D:6      | Found a shadowy altar of Dithmenos.
  9089 | D:6      | Found a glowing silver altar of Zin.
  9198 | D:7      | Reached skill level 7 in Dodging
  9300 | D:7      | Killed Edmund
  9315 | D:7      | Gained mutation: You cannot drink potions while threatened. [Ru sacrifice]
  9315 | D:7      | Reached *** piety under Ru
  9492 | D:7      | Noticed Menkaure
  9698 | D:7      | Killed Menkaure
 10347 | D:7      | Reached skill level 8 in Dodging
 10561 | D:7      | Reached XP level 10. HP: 77/77 MP: 10/10
 10988 | D:8      | Noticed 4thArraOfDagon's ghost (novice TrWn)
 11561 | D:8      | Reached skill level 1 in Evocations
 11611 | D:8      | Gained mutation: You are resistant to hostile enchantments. (MR+) [mutagenic meat]
 11613 | D:8      | Gained mutation: You are robust. (+10% HP) [mutagenic meat]
 11614 | D:8      | Gained mutation: You passively map a small area around you. [mutagenic meat]
 11943 | D:9      | Found a staircase to the Orcish Mines.
 12264 | D:9      | Gained mutation: Your magical capacity is low. (-10% MP) [Ru sacrifice]
 12290 | D:9      | Found a staircase to the Lair.
 12301 | D:9      | Noticed a two-headed ogre
 12341 | D:9      | Killed a two-headed ogre
 12341 | D:9      | Reached skill level 5 in Evocations
 13394 | D:9      | Noticed a cyclops
 13397 | D:9      | Killed a cyclops
 13988 | D:9      | Reached XP level 11. HP: 68/92 MP: 14/14
 14421 | D:10     | Entered Level 10 of the Dungeon
 14466 | D:10     | Noticed Fannar
 14733 | D:9      | Killed Fannar
 14733 | D:9      | Reached skill level 9 in Dodging
 14768 | D:9      | Killed an unseen horror
 14768 | D:9      | Reached skill level 10 in Short Blades
 15143 | D:9      | Gained mutation: You take slightly more damage. (AC -5) [Ru sacrifice]
 15143 | D:9      | Reached **** piety under Ru
 15143 | D:9      | Reached ***** piety under Ru
 15242 | D:10     | Noticed an obsidian statue
 15559 | D:10     | Found a shadowy altar of Dithmenos.
 15644 | D:10     | Noticed Harold
 15646 | D:10     | Noticed a two-headed ogre
 15704 | D:10     | Killed a two-headed ogre
 15743 | D:10     | Killed Harold
 15743 | D:10     | Reached skill level 10 in Dodging
 15954 | D:10     | Noticed Joseph
 15984 | D:10     | Killed Joseph
 15991 | D:10     | Noticed Maurice
 16015 | D:10     | Killed Maurice
 16330 | D:10     | Noticed an orange crystal statue
 16343 | D:10     | Noticed a two-headed ogre
 16442 | D:10     | Killed an orange crystal statue
 16524 | D:10     | Killed an obsidian statue
 17425 | Lair:1   | Entered Level 1 of the Lair of Beasts
 17802 | Lair:1   | Reached XP level 12. HP: 66/105 MP: 10/15
 19048 | Lair:1   | Reached skill level 10 in Fighting
 19392 | Lair:1   | Noticed Gastronok
 19609 | Lair:1   | Killed Gastronok
 20274 | Lair:2   | Gained mutation: Your cowardice makes you less effective in combat with threatening monsters. [Ru sacrifice]
 20274 | Lair:2   | Reached ****** piety under Ru
 20807 | Lair:2   | Found a staircase to the Shoals.
 21438 | Lair:3   | Reached skill level 5 in Throwing
 21599 | Lair:3   | Found a staircase to the Snake Pit.
 21971 | Lair:3   | Got a warped long sword
 21972 | Lair:3   | Identified the +8 long sword of Accidental Termination {flame, rF+ Dex+2} (You found it on level 3 of the Lair of Beasts)
 22999 | Lair:4   | Reached XP level 13. HP: 93/113 MP: 7/16
 23867 | Lair:4   | Reached skill level 11 in Dodging
 24123 | Lair:5   | Identified 2 scrolls of acquirement
 24125 | Lair:5   | Got an ancient scarf
 24136 | Lair:5   | Identified the scarf "Ynouvuos" {Str+4 Dex+3} (You acquired it on level 5 of the Lair of Beasts)
 24293 | Lair:5   | Reached skill level 12 in Dodging
 24864 | Lair:5   | Reached skill level 13 in Dodging
 25274 | Lair:5   | Reached skill level 14 in Dodging
 25692 | Lair:6   | Entered Level 6 of the Lair of Beasts
 25973 | Lair:6   | Reached skill level 15 in Dodging
 26174 | Lair:6   | Reached XP level 14. HP: 55/121 MP: 10/17
 26195 | Lair:6   | HP: 6/121 [poisoned by a sea snake]
 26200 | Lair:5   | HP: 5/121 [poisoned by a sea snake]
 26208 | Lair:5   | HP: 4/121 [poisoned by a sea snake]
 26216 | Lair:5   | HP: 5/121 [poisoned by a sea snake]
 26683 | Lair:6   | HP: 5/121 [poisoned by a sea snake]
 26685 | Lair:6   | Succumbed to a sea snake's poison

Vault maps used:
D:1:      lightli_arrival_windingriver
D:2:      first_bread
D:3:      uniq_natasha, uniq_terence, uniq_sigmund, uniq_crazy_yiuf_cottage
D:4:      minmay_temple_entry_mist, st_stairs_5
D:5:      minmay_goblin_kobold_castle, nicolae_overflow_crystal_walls,
          serial_shops, shop, nicolae_shop_waterfront,
          minmay_misc_feat_more_columns, minmay_checkerbox
D:6:      cheibrodos_fzero, minitemple, basic_altar, okawaru_altar_gauntlet_db,
          uniq_blork_the_orc, uniq_edmund
D:7:      uniq_menkaure
D:8:      the_bakery
D:9:      lair_entry_dummy, david_orc_2
D:10:     minmay_separated_statues, grunt_dithmenos_smoke_and_mirrors,
          uniq_fannar, uniq_joseph, uniq_harold, uniq_maurice
Temple:   jpeg_temple_clearing
Lair:1:   serial_bayou_lagoon_b, uniq_gastronok
Lair:2:   elwin_shoals_entry_rooms
Lair:3:   guppyfry_snake_entry_island, disabler_island
Lair:4:   infiniplex_staircase_pool_2, lemuel_fruit_tree, grunt_megastairs_4,
          serial_bayou_shore_b, serial_bayou_shore_b
Lair:5:   special_room
Lair:6:   gammafunk_lair_ancient_temple, dpeg_slime_entry_corner,
          wad_woods_road_05

Skill      XL: |  1  2  3  4  5  6  7  8  9 10 11 12 13 |
---------------+----------------------------------------+-----
Short Blades   | 3 4 6 7 9 11 12 | 12.0
Stealth        | 5 6 7 10 11 12 13 14 | 14.3
Dodging        | 2 4 6 8 10 15 | 15.8
Fighting       | 4 5 6 7 9 10 | 10.0
Evocations     | 7 |  7.2
Throwing       | 7 |  7.4

Action                   |  1- 3 |  4- 6 |  7- 9 | 10-12 | 13-15 || total
-------------------------+-------+-------+-------+-------+-------++-------
Melee: Dagger            |    52 |   155 |   831 |   296 |       ||  1334
       Short sword       |    57 |     8 |       |   877 |       ||   942
       Long sword        |       |       |       |    38 |   344 ||   382
       Tailslap          |       |       |       |    12 |     1 ||    13
 Fire: Blowgun           |     3 |    10 |    44 |    62 |       ||   119
Throw: Throwing net      |       |       |       |     1 |       ||     1
Invok: Sacrifice Experie |       |     1 |       |       |       ||     1
       Sacrifice Drink   |       |       |     1 |       |       ||     1
       Sacrifice Essence |       |       |       |     1 |       ||     1
       Sacrifice Health  |       |       |       |     1 |       ||     1
       Power Leap        |       |       |       |     2 |       ||     2
       Sacrifice Courage |       |       |       |     1 |       ||     1
Evoke: Wand              |       |       |       |     1 |    15 ||    16
  Use: Potion            |       |     3 |     3 |     1 |       ||     7
       Scroll            |       |       |     5 |    10 |    12 ||    27
 Stab: Sleeping          |     5 |    12 |    23 |    22 |     6 ||    68
       Invisible         |       |       |     3 |     6 |     4 ||    13
       Distracted        |       |       |     3 |    11 |     5 ||    19
       Paralysed         |       |       |       |     2 |     7 ||     9
       Petrified         |       |       |       |       |     2 ||     2
  Eat: Chunk             |     2 |     5 |    25 |    25 |     6 ||    63
       Meat ration       |       |       |       |     3 |     1 ||     4
       Bread ration      |       |       |       |     1 |     1 ||     2
Armor: Robe              |     3 |       |       |       |       ||     3
       Leather armour    |    25 |    43 |   165 |   147 |    26 ||   406
Dodge: Dodged            |    54 |    84 |   393 |   805 |   364 ||  1700
       Rpst.: Long sword |       |       |       |    10 |   101 ||   111
